cohdb
Replays
Latest Replays
All Replays
Popular Replays
Top Player Replays
Match Explorer
How It Works
Community
CoH3 Stats
Reddit
Sign in to upload your games and track your stats! →
Sign in with Steam
Match 42634387
Unlisted
Match 42634387
Overview
Messages
Build Orders
End
Engineer Squad
Construct Barracks
Riflemen Squad
1⁄4-ton 4x4 Truck
Grenade Package
Construct Weapon Support Center
M1919 Machine Gun Team
Infantry Support Center
Construct Medical Station
M1 Mortar Team
Selects Heavy Weapons
Selects M2HB .50cal Heavy Machine Gun
Selects Assault Carriers
M3 Assault Carrier
M3 Assault Carrier
Scout Squad
Selects Exchangeable Parts
M3 Assault Carrier
Riflemen Squad
M1918 Browning Automatic Rifles
M1 Mortar Team
Captain Retinue
M1919 Machine Gun Team
Riflemen Squad
TechT0nic
MonoChrome
Ratking_Lu
cloud_drifter
0
0
Comments
sign in to comment!
No comments posted yet!